 Dungeon Crawl Stone Soup version 0.30-a0-639-g3916f1956a (webtiles) character file.

Game seed: 7695003471186396520

113 timneilson the Slasher (level 4, 0/34 HPs)
             Began as a Demonspawn Gladiator on Jan 15, 2023.
             Slain by a gnoll
             ... wielding a +0 flail
              (1 damage)
             ... on level 2 of the Dungeon.
             The game lasted 00:03:11 (2053 turns).

timneilson the Slasher (Demonspawn Gladiator)       Turns: 2053, Time: 00:03:11

Health: 0/34       AC:  7    Str: 17    XL:     4   Next: 65%
Magic:  4/4        EV: 11    Int: 11    God:
Gold:   108        SH:  0    Dex: 14    Spells: 3/3 levels left

rFire   . . .      SeeInvis .    a - +0 long sword
rCold   . . .      Faith    .    (no shield)
rNeg    . . .      Spirit   .    o - +0 ring mail
rPois   .          Reflect  .    c - +0 helmet
rElec   .          Harm     .    m - +0 cloak
rCorr   .          Rampage  .    (no gloves)
Will    .....                    (no boots)
Stlth   +                        (no amulet)
HPRegen 0.25/turn                (no ring)
MPRegen 0.09/turn                (no ring)

@: no status effects
A: big brain 1
a: no special abilities


You were on level 2 of the Dungeon.
You visited 1 branch of the dungeon, and saw 3 of its levels.

You collected 108 gold pieces.

Inventory:

Hand Weapons
 a - a +0 long sword (weapon)
Missiles
 d - 3 throwing nets (quivered)
 e - a javelin
Armour
 c - a +0 helmet (worn)
 m - a +0 cloak (worn)
 o - a +0 ring mail (worn)
Scrolls
 f - 2 scrolls of teleportation
 i - a scroll of identify
 n - a scroll of enchant armour {unknown}
Potions
 g - 2 potions of brilliance {unknown}
 h - a potion of curing
 j - a potion of resistance {unknown}
 k - a potion of berserk rage {unknown}
 l - a potion of lignification {unknown}


   Skills:
 + Level 2.7 Fighting
 * Level 3.5 Long Blades
 - Level 1.7 Throwing
 * Level 2.1 Armour
 + Level 3.1 Dodging


You had 3 spell levels left.
You didn't know any spells.
Your spell library contained the following spells:

 Spells                   Type           Power      Damage    Failure   Level
 Ozocubu's Armour         Ice            0%         N/A       88%         3
 Manifold Assault         Tloc           0%         N/A       99%         4
 Dispersal                Tloc           0%         N/A       100%        6
 Ozocubu's Refrigeration  Ice            0%         4d7       100%        7
 Disjunction              Tloc           0%         N/A       100%        8


Dungeon Overview and Level Annotations

Branches:
Dungeon (3/15)

Altars:
Xom

Shops:
D:3 ?


Innate Abilities, Weirdness & Mutations

You have an unusually large brain. (Int +2)


Message History

The gnoll hits you with a +1 flail of protection.
The gnoll hits you with a +0 flail.
The gnoll hits you from afar with a +0 vampiric spear.
You closely miss the gnoll.
The gnoll hits you with a +1 flail of protection.
The gnoll completely misses you.
The gnoll hits you from afar with a +0 vampiric spear.
The gnoll hits you but does no damage.
The gnoll hits you with a +1 flail of protection.
The gnoll hits you from afar with a +0 vampiric spear.
* * * LOW HITPOINT WARNING * * *
You are too injured to fight recklessly!
You are too injured to fight recklessly!
You are too injured to fight recklessly!
You are too injured to fight recklessly!
You are too injured to fight recklessly!
You are too injured to fight recklessly!
You are too injured to fight recklessly!
You are too injured to fight recklessly!
You are too injured to fight recklessly!
You are too injured to fight recklessly!
Unknown command.
The gnoll attacks as you move away!
The gnoll hits you with a +1 flail of protection.
* * * LOW HITPOINT WARNING * * *
The gnoll attacks as you move away! The gnoll hits you with a +0 flail.
* * * LOW HITPOINT WARNING * * *
The gnoll attacks as you move away! The gnoll completely misses you.
The gnoll attacks as you move away! The gnoll barely misses you.
The gnoll closely misses you.
There is a stone staircase leading up here.
The gnoll hits you but does no damage.
The gnoll hits you from afar with a +0 vampiric spear.
* * * LOW HITPOINT WARNING * * *
You climb upwards.
There is a stone staircase leading down here.
The gnoll attacks as you move away! The gnoll misses you.
The gnoll barely misses you. The gnoll attacks as you move away!
The gnoll hits you with a +0 flail.
You die...

#........#.#.#.#####...##.....#
#........#.#.#.#.....####.....#
######'#..<#.#.#.###....#.....#
####'#.#.#.#.#........#.....#
#......#.#.#.#........#.....#
#......'...#.#...............
#......#.#.#.#.###..##.######
#.....)..#.#.#.....###.#
#...........@g..######'###
#.........##g....###.....####
#####'#......................
#.#....#...#.##..........
###.#..^.'.....#...........
#........#...###.#.........
#......#...................
#.....####.#####.######....
#.†...#..........# #....


You could see 2 gnolls.

Vanquished Creatures
  A gnoll (D:3)
  5 adders
  2 dart slugs (D:1)
  3 ball pythons
  6 endoplasms
  5 giant cockroaches
  5 goblins (D:2)
  2 hobgoblins (D:2)
  4 jackals (D:2)
  5 kobolds
  A quokka (D:1)
  6 bats
  3 frilled lizards (D:1)
  5 rats
53 creatures vanquished.

Notes
Turn   | Place    | Note
-------+----------+-------------------------------------------
     0 | D:1      | timneilson the Demonspawn Gladiator began the quest for the
                  | Orb.
     0 | D:1      | Reached XP level 1. HP: 16/16 MP: 1/1
   203 | D:1      | Gained mutation: You have an unusually large brain. (Int
                  | +2) [demonic ancestry]
   203 | D:1      | Reached XP level 2. HP: 22/22 MP: 2/2
   329 | D:1      | Reached skill level 1 in Armour
   665 | D:2      | Reached XP level 3. HP: 24/27 MP: 3/3
   998 | D:2      | Found a shimmering altar of Xom.
  1246 | D:2      | Reached XP level 4. HP: 29/34 MP: 4/4
  1517 | D:3      | Found Gola's Magic Scroll Shoppe.
  2050 | D:3      | HP: 1/34 [gnoll/+0 vampiric spear (4)]
  2053 | D:2      | Slain by a gnoll

Illustrated notes

Levels and vault maps discovered:
D:1:      dpeg_arrival_simpleton_b, layout_rooms
D:2:      layout_basic, basic_altar
D:3:      minmay_diamond_boxcup, layout_loops_cross, led_sif_book,
          mainiacjoe_overflow_alcove_4, old_standard_altar, serial_shops,
          nicolae_diamond_shop, hangedman_decor_growths,
          hangedman_decor_riveting, serial_bayou_lake_a

Skill      XL: |  1  2  3  4 |
---------------+-------------+-----
Long Blades    | 3 |  3.5
Armour         | 1 2 |  2.1
Dodging        | 3 |  3.1
Fighting       | |  2.7
Throwing       | |  1.7

Action                   |  1- 3 |  4- 6 || total
-------------------------+-------+-------++-------
Melee: Long sword        |    99 |    69 ||   168
       Punch             |     1 |       ||     1
  Use: Scroll            |     4 |     1 ||     5
       Potion            |       |     1 ||     1
 Stab: Sleeping          |       |     1 ||     1
Armor: Leather armour    |    34 |    26 ||    60
       Ring mail         |       |     5 ||     5
Dodge: Dodged            |    85 |    76 ||   161

Table legend: (Time is in decaauts)
 A = Elapsed time spent in this place.
 B = Non-inter-level travel time spent in this place.
 C = Inter-level travel time spent in this place.
 D = Time resting spent in this place.
 E = Time spent auto-exploring this place.
 F = Levels seen in this place.
 G = Mean time per level.
                   A        B        C        D        E       F      G
               +--------+--------+--------+--------+--------+-----+--------+
         Total |   2096 |   1981 |    115 |     40 |   1491 |   3 |  698.7 |
       Dungeon |   2096 |   1981 |    115 |     40 |   1491 |   3 |  698.7 |
               +--------+--------+--------+--------+--------+-----+--------+

Top non-repeatable levels by time:
     D:2: 946 daAuts
     D:1: 700 daAuts
     D:3: 448 daAuts
